 Dungeon Crawl Stone Soup version 0.30-a0-176-gdd20fb75b6 (webtiles) character file.

Game seed: 3521976614591839271

24521 Decritt the Fighter (level 13, 0/103 HPs)
             Began as a Djinni Conjurer on Oct 2, 2022.
             Was a Priest of Makhleb.
             Slain by a blink frog (4 damage)
             ... while petrified by a catoblepas
             ... on level 1 of the Lair of Beasts.
             The game lasted 00:39:22 (17137 turns).

Decritt the Fighter (Djinni Conjurer)              Turns: 17137, Time: 00:39:23

Health: 0/103      AC:  8    Str:  6    XL:     13   Next: 43%
Gold:   819        EV:  2    Int: 31    God:    Makhleb [***...] SH:  0 Dex: 12

rFire   + + .      SeeInvis .    t - staff of cold
rCold   + . .      Faith    .    H - +2 kite shield
rNeg    + + +      Spirit   .    s - +1 leather armour {rC+}
rPois   ∞          Reflect  +    c - +0 helmet
rElec   .          Harm     .    F - +0 cloak
rCorr   .          Rampage  .    e - +0 pair of gloves {Stlth+}
Will    +....                    (boots unavailable)
Stlth   ++........               D - amulet of reflection
HPRegen 0.37/turn                B - ring of wizardry
MPRegen 0.00/turn                m - +6 ring of intelligence

@: petrified, flying
A: sickness immunity, fire resistance 2, cold vulnerability 1, float, innate
caster, HP casting, extra vitality 1
a: Renounce Religion, Minor Destruction, Lesser Servant of Makhleb


You were on level 1 of the Lair of Beasts.
You worshipped Makhleb.
Makhleb was most pleased with you.
You visited 3 branches of the dungeon, and saw 15 of its levels.

You collected 819 gold pieces.

Inventory:

Hand Weapons
 p - a +1 hammer of protection
Armour
 c - a +0 helmet (worn)
 e - a +0 pair of gloves of stealth (worn)
 k - a +2 robe of willpower
 s - a +1 leather armour of cold resistance (worn)
 A - a +0 tower shield
 F - a +0 cloak (worn)
 H - a +2 kite shield (worn)
Magical Staves
 t - a staff of cold (weapon)
 v - a staff of death
Jewellery
 l - a ring of resist corrosion
 m - a +6 ring of intelligence (right hand)
 n - a +6 ring of dexterity
 B - a ring of wizardry (left hand)
 D - an amulet of reflection (around neck)
 K - a ring of see invisible
Wands
 h - a wand of digging (10)
 o - a wand of charming (22)
 x - a wand of light (12)
 z - a wand of flame (28)
 C - a wand of polymorph (4)
 E - a wand of mindburst (9)
Scrolls
 a - 3 scrolls of poison
 f - a scroll of teleportation
 g - 3 scrolls of noise
 r - 2 scrolls of identify
 w - 2 scrolls of enchant weapon
 y - 5 scrolls of butterflies
 N - a scroll of blinking
Potions
 b - 8 potions of heal wounds
 d - 2 potions of mutation
 i - a potion of cancellation
 j - 8 potions of curing
 q - 2 potions of brilliance
 u - 4 potions of invisibility
 I - a potion of lignification {unknown}
 L - a potion of might
 M - a potion of haste


   Skills:
 * Level 13.2 Fighting
 - Level 5.0 Armour
 + Level 9.2 Dodging
 - Level 1.5 Stealth
 + Level 5.8 Shields
 * Level 10.9 Spellcasting


You had one spell level left.
You knew the following spells:

 Your Spells              Type           Power      Damage    Failure   Level
a - Sticky Flame          Conj/Fire      71%        2d8       1%          4
b - Searing Ray           Conj           100%       2d8       1%          2
c - Fulminant Prism       Conj/Hex       35%        3d18      1%          4
d - Cause Fear            Hex            35%        N/A       1%          4
e - Iskenderun's Mystic   Conj/Tloc      71%        2d14      1%          4
f - Necrotise             Necr           100%       1d9       1%          1
g - Static Discharge      Conj/Air       100%       2-7/arc   1%          2
h - Ensorcelled Hibernat  Hex/Ice        100%       N/A       1%          2
i - Magic Dart            Conj           100%       1d8       1%          1
j - Dazzling Flash        Conj/Hex       100%       N/A       1%          3
k - Silence               Hex/Air        35%        N/A       1%          5
Your spell library was empty.

Dungeon Overview and Level Annotations

Branches:
Dungeon (13/15)            Temple (1/1) D:7            Lair (1/5) D:8
    Orc (0/2) D:11
 Vaults: D:13-14

Altars:
Ashenzari
Cheibriados
Dithmenos
Elyvilon
Fedhas
Gozag
Hepliaklqana
Makhleb
Nemelex Xobeh
Okawaru
Qazlal
Ru
Trog
Uskayaw
Wu Jian
Xom
Yredelemnul
The Shining One

Shops:
D:3 [   D:8 :   D:9 (

Annotations:
Temple 2 transporters


Innate Abilities, Weirdness & Mutations

You are immune to sickness and miasma.
You are immune to poison.
Your flesh is very heat resistant. (rF++)
You are vulnerable to cold. (rC-)
You float through the air rather than walking.
You learn spells naturally, not from books.
Your magical power is your life essence.
You have superior vitality. (+4 MHP)


Message History

Aiming: Searing Ray (safe; 1% risk of failure)
Press: ? - help, Shift-Dir - straight line, f - catoblepas
Aim: a catoblepas (almost dead, 100% to hit)
The searing ray hits the catoblepas but does no damage.
The catoblepas is almost dead. (Press . to maintain the ray.)
* * * LOW HITPOINT WARNING * * *
You are engulfed in calcifying dust.
You are slowing down.
You block the blink frog's attack. The catoblepas gores you!!
* * * LOW HITPOINT WARNING * * *
The blink frog hits you.
* * * LOW HITPOINT WARNING * * *
The blink frog blinks!
A blink frog comes into view.
You feel much better.
You are engulfed in calcifying dust.
The catoblepas breathes a plume of calcifying dust at you.
The blast of calcifying dust hits you!
* * * LOW HITPOINT WARNING * * *
The blink frog hits you but does no damage.
The catoblepas gores you!
* * * LOW HITPOINT WARNING * * *
Your limbs are stiffening.
The blink frog hits you!
* * * LOW HITPOINT WARNING * * *
The catoblepas completely misses you.
You have turned to stone.
The catoblepas gores you!!
* * * LOW HITPOINT WARNING * * *
The blink frog hits you!
* * * LOW HITPOINT WARNING * * *
The blink frog blinks! x3
The catoblepas gores you!
* * * LOW HITPOINT WARNING * * *
The blink frog blinks!
The catoblepas gores you!
* * * LOW HITPOINT WARNING * * *
The blink frog hits you but does no damage.
The blink frog blinks!
The blink frog blinks!
The blink frog hits you!
You die...

##....................
#..<............÷.....
##....#############.[#
#....## #### #.F...#
#...F## #....# #....#
##..§@#### #######
#F..FY##.######.#.#.##
##...§................
#.§........†.........
#....................
#..).................
#....##############.#
##.....# ### #......#


You could see a catoblepas and 4 blink frogs.

Vanquished Creatures
  5 two-headed ogres
  A centaur warrior (D:13)
  Nergalle (D:11)
  Pikel (D:5)
  3 deep elf pyromancers
  2 ugly things (D:12)
  2 manticores (D:13)
  4 elephants
  Maurice (D:11)
  2 cane toads (Lair:1)
  A black mamba (Lair:1)
  An unseen horror (D:12)
  3 gargoyles
  2 komodo dragons (Lair:1)
  2 kobold demonologists (D:12)
  A rime drake (Lair:1)
  Grinder (D:6)
  2 trolls
  A dream sheep (Lair:1)
  2 blink frogs (Lair:1)
  4 wraiths
  3 shadows
  2 wyverns
  Grum (D:8)
  28 yaks
  Eustachio (D:6)
  9 vampire mosquitoes
  An acid dragon (D:11)
  4 water moccasins
  Duvessa (D:5)
  A black bear (D:5)
  4 orc warriors
  An ice beast (D:8)
  2 ogres
  3 wolves (D:7)
  3 lemures (D:5)
  6 centaurs
  8 bullfrogs
  Blork the orc (D:5)
  A gnoll sergeant (D:10)
  2 necrophages
  3 wights (D:8)
  Dowan (D:5)
  3 howler monkeys
  Crazy Yiuf (D:3)
  A jelly (D:7)
  5 orc priests
  2 hounds
  5 iguanas
  Natasha (thrice) (D:2)
  15 orc wizards
  A hell rat (Lair:1)
  Robin (D:4)
  12 gnolls
  4 adders
  2 shadow imps
  2 white imps
  2 ufetubi
  2 worms
  28 orcs
  11 endoplasms
  3 giant cockroaches
  14 goblins
  6 hobgoblins
  3 jackals (D:1)
  7 quokkas
  6 ball pythons
  7 bats
  A frilled lizard (D:1)
  5 kobolds
  3 rats
  12 fulminant prisms
295 creatures vanquished.

Vanquished Creatures (others)
  117 fulminant prisms
  5 fungi (Lair:1)
  21 plants
143 creatures vanquished.

Grand Total: 438 creatures vanquished

Notes
Turn   | Place    | Note
-------+----------+-------------------------------------------
     0 | D:1      | Decritt the Djinni Conjurer began the quest for the Orb.
     0 | D:1      | Decritt set off with the following spells memorised: Magic
                  | Dart, Searing Ray, Dazzling Flash, Fulminant Prism,
                  | Iskenderun's Mystic Blast.
     0 | D:1      | Reached XP level 1. HP: 15/15 MP: 0/0
   187 | D:1      | Reached skill level 1 in Fighting
   187 | D:1      | Reached XP level 2. HP: 5/22 MP: 0/0
   468 | D:1      | Reached XP level 3. HP: 24/27 MP: 0/0
   468 | D:1      | Learned a level 1 spell: Necrotise
  1067 | D:2      | You are sucked into a shaft and drop 2 floors!
  1159 | D:3      | Reached skill level 2 in Fighting
  1159 | D:3      | Reached XP level 4. HP: 17/34 MP: 0/0
  1472 | D:2      | Found a faded altar of an unknown god.
  1802 | D:2      | Reached XP level 5. HP: 38/40 MP: 0/0
  1802 | D:2      | Learned a level 2 spell: Static Discharge
  1973 | D:2      | Noticed Natasha
  1979 | D:2      | Killed Natasha
  1980 | D:2      | Reached skill level 3 in Fighting
  2064 | D:2      | Noticed Natasha
  2068 | D:2      | Killed Natasha
  2075 | D:2      | Noticed Natasha
  2079 | D:2      | Killed Natasha
  2244 | D:3      | Reached XP level 6. HP: 36/47 MP: 0/0
  2318 | D:3      | Reached skill level 4 in Fighting
  2486 | D:3      | Found Omugep's Armour Shop.
  2555 | D:3      | Found a runed translucent door.
  2556 | D:3      | Noticed Crazy Yiuf
  3046 | D:4      | Reached XP level 7. HP: 37/53 MP: 0/0
  3046 | D:4      | Learned a level 2 spell: Ensorcelled Hibernation
  3070 | D:4      | Noticed Robin
  3080 | D:4      | Killed Robin
  3204 | D:4      | Reached skill level 5 in Spellcasting
  3582 | D:4      | Found a stormy altar of Qazlal.
  3715 | D:4      | Reached skill level 5 in Fighting
  4094 | D:5      | Entered Level 5 of the Dungeon
  4169 | D:5      | Noticed Pikel
  4186 | D:5      | Killed Pikel
  4187 | D:5      | Reached skill level 6 in Fighting
  4187 | D:5      | Reached XP level 8. HP: 26/62 MP: 0/0
  4347 | D:5      | Noticed Blork the orc
  4352 | D:5      | Killed Blork the orc
  4693 | D:5      | Noticed Duvessa
  4698 | D:5      | Noticed Dowan
  4722 | D:5      | Killed Dowan
  4732 | D:5      | Killed Duvessa
  4733 | D:5      | Reached skill level 7 in Fighting
  4733 | D:5      | Reached XP level 9. HP: 33/68 MP: 0/0
  4733 | D:5      | Learned a level 4 spell: Sticky Flame
  5389 | D:6      | Noticed Eustachio
  5395 | D:6      | Killed Eustachio
  5708 | D:6      | Noticed Grinder
  5730 | D:6      | Killed Grinder
  5731 | D:6      | Reached skill level 1 in Armour
  6446 | D:6      | Found an iron altar of Okawaru.
  6703 | D:7      | Reached skill level 8 in Fighting
  6976 | D:7      | Found a blossoming altar of Fedhas.
  7054 | D:7      | Found a staircase to the Ecumenical Temple.
  7284 | Temple   | Entered the Ecumenical Temple
  7284 | Temple   | Found a transporter.
  7284 | Temple   | Found a transporter.
  7286 | Temple   | Found a transporter.
  7286 | Temple   | Found a transporter.
  7296 | Temple   | Became a worshipper of Makhleb the Destroyer
  8101 | D:8      | Noticed Grum
  8125 | D:7      | Reached XP level 10. HP: 41/77 MP: 0/0
  8420 | D:8      | Killed Grum
  8664 | D:8      | Reached skill level 9 in Fighting
  8664 | D:8      | Reached skill level 5 in Dodging
  8722 | D:8      | Found Wickesubb's Book Shop.
  8922 | D:8      | Found a staircase to the Lair.
  9200 | D:9      | Found a shimmering altar of Xom.
  9200 | D:9      | Found a shimmering altar of Xom.
  9204 | D:9      | Found a shimmering altar of Xom.
  9760 | D:9      | Found Baasu's Antique Weapon Shoppe.
  9764 | D:9      | Reached * piety under Makhleb
 10461 | D:3      | Killed Crazy Yiuf
 10625 | D:10     | Entered Level 10 of the Dungeon
 11030 | D:10     | Noticed a two-headed ogre
 11043 | D:10     | Killed a two-headed ogre
 11044 | D:10     | Reached skill level 10 in Fighting
 11044 | D:10     | Reached XP level 11. HP: 46/85 MP: 0/0
 11044 | D:10     | Learned a level 4 spell: Cause Fear
 11353 | D:10     | Noticed a two-headed ogre
 11366 | D:10     | Killed a two-headed ogre
 11543 | D:10     | Reached skill level 1 in Shields
 11547 | D:10     | Reached skill level 5 in Armour
 12153 | D:10     | Found a white marble altar of Elyvilon.
 12647 | D:10     | Reached ** piety under Makhleb
 13052 | D:11     | Found a staircase to the Orcish Mines.
 13113 | D:11     | Reached skill level 11 in Fighting
 13226 | D:11     | Noticed Nergalle
 13238 | D:11     | Killed Nergalle
 13399 | D:11     | Noticed Maurice
 13636 | D:11     | Reached XP level 12. HP: 87/94 MP: 0/0
 13792 | D:11     | Killed Maurice
 14201 | D:12     | Noticed a two-headed ogre
 14201 | D:12     | Noticed a two-headed ogre
 14211 | D:12     | Killed a two-headed ogre
 14220 | D:12     | Killed a two-headed ogre
 14365 | D:12     | Noticed a two-headed ogre
 14381 | D:12     | Killed a two-headed ogre
 14382 | D:12     | Reached skill level 10 in Spellcasting
 14386 | D:12     | Reached skill level 12 in Fighting
 14389 | D:12     | Reached *** piety under Makhleb
 14764 | D:12     | Noticed a soul eater
 14778 | D:12     | Found a snail-covered altar of Cheibriados.
 15004 | D:13     | Noticed a centaur warrior
 15015 | D:13     | Killed a centaur warrior
 15201 | D:12     | Reached XP level 13. HP: 24/102 MP: 0/0
 15201 | D:12     | Learned a level 5 spell: Silence
 15607 | Lair:1   | Entered Level 1 of the Lair of Beasts
 15658 | Lair:1   | Reached skill level 5 in Shields
 16468 | Lair:1   | Reached skill level 13 in Fighting
 17067 | Lair:1   | Noticed a catoblepas
 17136 | Lair:1   | HP: 4/103 [catoblepas (3)]
 17137 | Lair:1   | Slain by a blink frog

Illustrated notes

Levels and vault maps discovered:
D:1:      lightli_arrival_farm, layout_basic
D:2:      layout_loops_ring, ebering_ecumenical_altar_box, uniq_natasha
D:3:      layout_basic, serial_shops, shop, uniq_crazy_yiuf_cottage
D:4:      minmay_door_path, layout_loops_ring, grunt_qazlal_clouds, uniq_robin
D:5:      layout_loops_ring, minmay_misc_feat_pillars, uniq_duvessa,
          uniq_blork_the_orc, uniq_pikel
D:6:      layout_basic, nicolae_overflow_hidden_temple,
          amcnicky_mini_rare_corridor_liquid, uniq_eustachio, uniq_grinder
D:7:      layout_loops_corners, fedhas_altar_3, minmay_temple_entry_proselytizer
D:8:      layout_rooms, lair_entry_dummy, serial_shops, shop, uniq_grum
D:9:      layout_layer_cave, xom_redecorated, serial_shops,
          nicolae_shop_overgrown_old_shop
D:10:     layout_cave_pools, mainiacjoe_overflow_alcove_1
D:11:     layout_roguey, david_orc_3, chequers_serial_rivers_small_a,
          uniq_maurice, uniq_nergalle
D:12:     layout_small_grid, minmay_variable_closet, minmay_misc_feat_hallway,
          st_stairs_5, cheibriados_altar_1
D:13:     minmay_ornate_pinched, layout_rooms,
          lightli_vaults_fourway_checkpoint, ebering_ghost_xom
Temple:   hellmonk_temple_divided_pantheon
Lair:1:   layout_long_grid, minmay_shattered_shrine

Skill      XL: |  1  2  3  4  5  6  7  8  9 10 11 12 13 |
---------------+----------------------------------------+-----
Fighting       | 1 2 3 4 6 7 8 10 11 12 13 | 13.2
Spellcasting   | 4 6 7 8 9 10 | 10.9
Dodging        | 4 6 7 8 9 |  9.2
Armour         | 2 4 5 |  5.0
Shields        | 2 4 5 |  5.8
Stealth        | |  1.5

Action                   |  1- 3 |  4- 6 |  7- 9 | 10-12 | 13-15 || total
-------------------------+-------+-------+-------+-------+-------++-------
Melee: Unarmed           |     4 |     2 |       |       |       ||     6
       Mace              |       |     1 |     2 |       |       ||     3
       Staff             |       |       |     5 |     2 |    15 ||    22
 Cast: Magic Dart        |    58 |    64 |   133 |    42 |    38 ||   335
       Searing Ray       |     2 |    14 |    29 |    68 |    14 ||   127
       Fulminant Prism   |       |       |    33 |    85 |    11 ||   129
       Sticky Flame      |       |       |     9 |    41 |    54 ||   104
       Cause Fear        |       |       |       |     1 |       ||     1
  Use: Scroll            |       |     7 |    11 |     4 |     3 ||    25
       Potion            |       |     2 |       |       |     1 ||     3
Armor: Robe              |     4 |     4 |    12 |     3 |       ||    23
       Leather armour    |       |       |       |    26 |    24 ||    50
Dodge: Dodged            |    36 |     9 |    41 |    73 |    35 ||   194
Block: Kite shield       |       |       |       |    85 |    71 ||   156
       Reflection        |       |       |       |    11 |       ||    11
       Other             |       |       |       |     1 |       ||     1

Table legend: (Time is in decaauts)
 A = Elapsed time spent in this place.
 B = Non-inter-level travel time spent in this place.
 C = Inter-level travel time spent in this place.
 D = Time resting spent in this place.
 E = Time spent auto-exploring this place.
 F = Levels seen in this place.
 G = Mean time per level.
                   A        B        C        D        E       F      G
               +--------+--------+--------+--------+--------+-----+--------+
         Total |  17161 |  16315 |    846 |   6053 |   8037 |  15 | 1144.1 |
       Dungeon |  15740 |  14904 |    836 |   5365 |   7622 |  13 | 1210.8 |
        Temple |     28 |     19 |      9 |      0 |      0 |   1 |   28.0 |
          Lair |   1392 |   1392 |      0 |    688 |    415 |   1 | 1392.0 |
               +--------+--------+--------+--------+--------+-----+--------+

Top non-repeatable levels by time:
    D:10: 1844 daAuts
     D:9: 1841 daAuts
     D:6: 1669 daAuts
     D:7: 1663 daAuts
  Lair:1: 1392 daAuts
    D:12: 1392 daAuts
     D:3: 1199 daAuts
     D:4: 1132 daAuts
    D:11: 1095 daAuts
     D:1: 1067 daAuts
     D:5: 966 daAuts
     D:8: 959 daAuts
     D:2: 835 daAuts
    D:13: 72 daAuts
  Temple: 28 daAuts
